Map: Data-C

Players

LiquidElazer (Elazer) - Winner!

  • Race: Zerg Zerg
  • League: Master
  • Spawn Location: 9:00

LiquidMaNa (MaNa)

  • Race: Protoss Protoss
  • League: Grandmaster
  • Spawn Location: 3:00

VOD

Have the link to the VOD?

Description

Time

  • Played on: Oct. 19, 2022, 1:54 p.m.
  • Length: 12:03
Show
View Real Time Build Order
Export as new Build Order

LiquidElazer Zerg - Winner!

Build Orders: Hatch First 

Get SALT Encoding   

  12  0:00  Drone  
  13  0:12  Overlord  
  13  0:16  Drone  
  14  0:30  Drone x2  
  16  0:48  Hatchery  
  15  0:51  Drone  
  15  0:55  Drone  
  17  0:58  Drone  
  18  1:09  Extractor  
  17  1:13  Spawning Pool  
  17  1:17  Drone  
  17  1:20  Drone  
  18  1:28  Drone  
  19  1:40  Drone  
  20  1:49  Overlord  
  20  2:03  Queen  
  20  2:04  Queen  
  20  2:05  Zergling x2, Drone  
  26  2:13  Zergling x2, Drone  
  26  2:14  Metabolic Boost  
  28  2:22  Drone x2  
  30  2:32  Drone x2  
  32  2:45  Queen  
  34  2:51  Drone  
  34  2:52  Hatchery  
  34  2:54  Overlord  
  34  3:00  Drone x2  
  36  3:12  Queen  
  38  3:16  Drone x5  
  42  3:29  Drone x2  
  42  3:30  Spore Crawler  
  43  3:39  Overlord  
  43  3:41  Queen, Extractor  
  45  3:53  Overlord  
  45  3:56  Queen  
  45  3:58  Drone x5  
  52  4:04  Drone x6  
  58  4:10  Queen, Overlord  
  58  4:16  Zergling x6  
  63  4:21  Queen  
  63  4:22  Zergling x2  
  66  4:29  Zergling x10  
  71  4:35  Zergling x2  
  71  4:38  Overlord  
  72  4:47  Drone x2  
  74  4:53  Hatchery  
  74  4:54  Drone x3  
  74  4:55  Drone  
  74  4:56  Overlord  
  74  4:59  Drone x5  
  78  5:02  Roach Warren  
  76  5:12  Zergling x8  
  76  5:16  Zergling x6  
  76  5:19  Zergling x8  
  81  5:23  Zergling x8  
  85  5:32  Lair, Overlord  
  85  5:33  Evolution Chamber  
  84  5:38  Zergling x4  
  85  5:42  Overlord  
  85  5:45  Zergling x2  
  85  5:48  Drone  
  87  5:52  Drone x4  
  89  6:00  Zerg Melee Weapons Level 1  
  89  6:01  Drone x7  
  93  6:07  Drone x2  
  93  6:09  Drone  
  94  6:14  Drone  
  94  6:15  Extractor  
  94  6:16  Extractor, Overlord  
  94  6:17  Extractor  
  94  6:18  Drone  
  91  6:20  Drone  
  92  6:28  Overlord  
  92  6:29  Drone x6  
  92  6:31  Overlord  
  98  6:35  Drone  
  98  6:37  Hatchery  
  98  6:38  Zergling x10  
  103  6:48  Zergling x6  
  103  6:52  Spire  
  103  6:53  Extractor x2  
  103  6:55  Drone  
  103  6:56  Drone x3  
  103  7:00  Drone x3  
  110  7:02  Drone x8  
  110  7:03  Extractor x2  
  110  7:04  Glial Reconstitution  
  110  7:08  Overlord  
  116  7:17  Overlord  
  116  7:20  Zergling x10  
  121  7:25  Overlord  
  121  7:31  Overlord x3  
  121  7:33  Zergling x14  
  128  7:38  Overlord x2  
  128  7:46  Zergling x12  
  132  7:54  Roach x9  
  149  8:00  Roach x7  
  149  8:01  Zerg Melee Weapons Level 2  
  149  8:05  Overlord x2  
  159  8:18  Mutalisk x7  
  173  8:20  Mutalisk  
  173  8:21  Mutalisk x2  
  173  8:24  Zergling x12  
  173  8:26  Zerg Flyer Weapons Level 1  
  185  8:32  Baneling Nest  
  183  8:39  Zergling x20  
  169  8:51  Drone x2  
  169  8:53  Roach x9  
  171  8:59  Mutalisk x4  
  171  9:01  Drone x5  
  184  9:09  Mutalisk x3  
  184  9:11  Overlord  
  184  9:15  Mutalisk  
  191  9:19  Drone x6  
  197  9:26  Overlord  
  197  9:38  Hatchery  
  197  9:41  Centrifugal Hooks  
  191  10:08  Zergling x16  
  191  10:11  Baneling x18  
  176  10:40  Mutalisk x11  
  172  10:44  Zergling x56  
  182  10:52  Roach x4  
  166  11:00  Roach x8  
  176  11:12  Zergling x22  
  176  11:13  Baneling  
  176  11:14  Baneling x19  
  187  11:21  Zergling x14  
  187  11:23  Unknown  
  193  11:30  Zergling x2  
  193  11:31  Zergling x10  
  197  11:42  Zergling x16  
Show
View Real Time Build Order
Export as new Build Order

LiquidMaNa Protoss 

Build Orders: 1 Gate Expand, Oracle Opening 

Get SALT Encoding   

  12  0:00  Probe  
  13  0:12  Probe  
  14  0:20  Pylon  
  14  0:24  Probe  
  15  0:38  Probe (Chrono Boost)  
  16  0:43  Gateway  
  16  0:46  Probe (Chrono Boost)  
  17  0:50  Assimilator  
  17  0:52  Probe (Chrono Boost)  
  19  1:04  Probe (Chrono Boost)  
  19  1:13  Probe (Chrono Boost)  
  20  1:18  Probe  
  21  1:30  Nexus  
  21  1:41  Cybernetics Core  
  21  1:44  Probe  
  22  1:49  Assimilator  
  22  1:56  Pylon  
  22  1:59  Probe  
  23  2:14  Probe (Chrono Boost)  
  24  2:18  Adept  
  24  2:22  Stargate  
  26  2:26  Warp Gate, Probe (Chrono Boost)  
  27  2:31  Probe (Chrono Boost)  
  28  2:44  Probe (Chrono Boost)  
  30  2:45  Probe (Chrono Boost)  
  30  2:48  Stalker  
  32  2:53  Probe (Chrono Boost)  
  32  2:55  Probe (Chrono Boost)  
  32  2:58  Probe (Chrono Boost)  
  33  3:05  Oracle (Chrono Boost), Probe  
  35  3:11  Probe  
  38  3:17  Probe  
  39  3:23  Probe  
  40  3:29  Probe  
  40  3:33  Oracle  
  41  3:35  Probe  
  45  3:43  Nexus  
  45  3:46  Pylon  
  45  3:49  Probe  
  46  3:58  Gateway  
  46  3:59  Pylon  
  46  4:04  Probe (Chrono Boost)  
  48  4:10  Oracle, Probe (Chrono Boost)  
  48  4:14  Probe (Chrono Boost)  
  53  4:18  Adept, Probe (Chrono Boost)  
  53  4:19  Probe (Chrono Boost)  
  53  4:20  Pylon  
  56  4:30  Twilight Council  
  56  4:31  Probe (Chrono Boost)  
  58  4:33  Probe (Chrono Boost)  
  58  4:41  Probe (Chrono Boost)  
  58  4:44  Probe (Chrono Boost)  
  60  4:46  Probe (Chrono Boost)  
  60  4:47  Nexus  
  61  4:57  Probe x2  
  61  4:58  Probe  
  64  5:00  Pylon  
  64  5:04  Adept x2  
  68  5:09  Probe x2, Pylon  
  68  5:12  Probe  
  66  5:18  Shield Battery  
  66  5:20  Blink (Chrono Boost)  
  66  5:21  Probe x2 (Chrono Boost)  
  66  5:25  Probe (Chrono Boost)  
  66  5:26  Adept x2  
  71  5:32  Forge  
  71  5:33  Probe x2 (Chrono Boost)  
  73  5:37  Probe (Chrono Boost)  
  73  5:41  Probe (Chrono Boost)  
  75  5:45  Gateway  
  75  5:47  Gateway  
  75  5:51  Protoss Ground Weapons Level 1 (Chrono Boost)  
  75  5:52  Probe x2  
  75  5:53  Stalker x2  
  81  6:00  Probe  
  81  6:04  Probe  
  77  6:06  Probe  
  77  6:07  Probe  
  77  6:12  Probe  
  77  6:15  Photon Cannon  
  77  6:16  Probe  
  77  6:17  Stalker x2  
  77  6:18  Probe  
  84  6:20  Probe  
  84  6:21  Gateway x2  
  84  6:24  Shield Battery  
  85  6:28  Probe  
  85  6:32  Gateway  
  86  6:34  Gateway  
  86  6:36  Probe x3  
  86  6:37  Photon Cannon  
  89  6:43  Stalker x3  
  89  6:46  Stalker  
  97  6:48  Probe x2, Assimilator  
  97  6:49  Probe  
  97  6:51  Probe  
  101  6:58  Pylon  
  101  7:00  Probe  
  102  7:06  Pylon  
  102  7:07  Pylon  
  102  7:08  Stalker x3  
  108  7:09  Pylon  
  108  7:18  Zealot x3  
  108  7:20  Pylon x2  
  108  7:22  Probe x2  
  116  7:26  Assimilator  
  116  7:27  Assimilator  
  116  7:31  Zealot, Stalker x3  
  116  7:32  Zealot  
  116  7:36  Gateway  
  126  7:37  Gateway  
  126  7:46  Stalker x3  
  126  7:47  Charge, Probe  
  126  7:48  Probe  
  132  7:55  Zealot x3  
  134  8:00  Zealot x2  
  138  8:09  Protoss Ground Weapons Level 2 (Chrono Boost)  
  138  8:10  Nexus  
  138  8:11  Zealot x3  
  144  8:17  Photon Cannon  
  144  8:18  Zealot x2  
  144  8:19  Zealot  
  150  8:21  Zealot x2  
  150  8:24  Pylon  
  150  8:25  Pylon  
  154  8:36  Robotics Facility  
  154  8:38  Robotics Facility  
  136  8:51  Stalker x2  
  136  8:52  Zealot x4, Stalker x4  
  129  8:58  Photon Cannon  
  129  9:01  Photon Cannon x2  
  127  9:06  Assimilator  
  127  9:09  Shield Battery, Assimilator  
  127  9:13  Zealot x3, Photon Cannon  
  127  9:14  Zealot  
  127  9:16  Shield Battery  
  134  9:18  Stalker x3  
  134  9:22  Immortal (Chrono Boost)  
  134  9:23  Probe  
  137  9:27  Immortal (Chrono Boost)  
  137  9:30  Probe  
  145  9:35  Probe x2  
  145  9:39  Phoenix (Chrono Boost)  
  147  9:51  Robotics Bay  
  147  9:54  Immortal  
  147  9:58  Phoenix  
  153  10:05  Stalker x5  
  163  10:09  Pylon  
  163  10:11  Pylon  
  163  10:14  Pylon  
  163  10:15  Pylon  
  159  10:28  Immortal  
  159  10:30  Stalker x3  
  159  10:34  Immortal  
  169  10:39  Stalker x3  
  169  10:40  Probe  
  117  10:44  Zealot x3  
  117  10:45  Probe x2 (Chrono Boost)  
  117  10:47  Probe (Chrono Boost)  
  120  10:52  Probe (Chrono Boost)  
  115  10:57  Probe x2 (Chrono Boost)  
  115  10:59  Probe (Chrono Boost)  
  115  11:03  Probe (Chrono Boost)  
  117  11:05  Pylon  
  117  11:08  Colossus (Chrono Boost)  
  117  11:15  Colossus (Chrono Boost)  
  129  11:25  Assimilator  
  129  11:35  Phoenix (Chrono Boost)  
  131  11:41  Stalker x5  
  131  11:45  Zealot x2  
  131  11:46  Zealot x2  
  120  11:49  Zealot  
Tags
 
Add a new tag
Caveats
  • Supply blocks, unpowered buildings, or Contaminate may cause inaccurate times.
  • Supply counts are checked every 10 seconds.